 Dungeon Crawl Stone Soup version 0.31-a0-188-g5e087ee2ca (webtiles) character file.

Game seed: 4753210067320790345

65 qw the Shooter (level 3, -2/20 HPs)
             Began as a Deep Elf Hunter on June 22, 2023.
             Killed from afar by Sigmund (7 damage)
             ... with a puff of flame
             ... on level 3 of the Dungeon.
             The game lasted 00:00:32 (1173 turns).

qw the Shooter (Deep Elf Hunter)                    Turns: 1173, Time: 00:00:33

Health: -2/20      AC:  7    Str: 10    XL:     3   Next: 94%
Magic:  5/5        EV: 17    Int: 13    God:
Gold:   100        SH:  0    Dex: 24    Spells: 2/2 levels left

rFire   . . .        Y - +0 shortbow
rCold   . . .        (shield currently unavailable)
rNeg    . . .        f - +0 ring mail
rPois   .            e - +0 helmet
rElec   .            k - +0 cloak
rCorr   .            (no gloves)
SInv    .            (no boots)
Will    .....        (no amulet)
Stlth   ++           g - +6 ring of dexterity
HPRegen 0.23/turn    j - +5 ring of evasion
MPRegen 0.09/turn

%: no passive effects
@: no status effects
A: no striking features
a: no special abilities


You were on level 3 of the Dungeon.
You visited 1 branch of the dungeon, and saw 3 of its levels.

You collected 100 gold pieces.


   Skills:
 - Level 1.5 Fighting
 + Level 7.1 Ranged Weapons
 - Level 2.9 Dodging
 - Level 1.2 Stealth


You had 2 spell levels left.
You didn't know any spells.
Your spell library was empty.

Inventory:

Hand Weapons
 Y - a +0 shortbow (weapon)
Armour
 e - a +0 helmet (worn)
 f - a +0 ring mail (worn)
 i - a +3 ring mail
 k - a +0 cloak (worn)
Jewellery
 a - an amulet of guardian spirit
 g - a +6 ring of dexterity (left hand)
 j - a +5 ring of evasion (right hand)
Scrolls
 c - a scroll of identify {unknown}
Potions
 b - a potion of brilliance {unknown}
 d - a potion of enlightenment {unknown}
 h - a potion of magic {unknown}

Dungeon Overview and Level Annotations

Branches:
Dungeon (3/15)

Altars:

Annotations:
D:2 1 runed translucent door, Crazy Yiuf
D:3 Sigmund


Message History

Waypoint 2 assigned to D:3.
You shoot an arrow. The arrow hits the endoplasm.
The endoplasm quivers.
The endoplasm is severely wounded.
You shoot an arrow. The arrow barely misses the endoplasm.
You shoot an arrow. The arrow hits the endoplasm.
You kill the endoplasm!
You now have 91 gold pieces (gained 14).
a - an amulet of guardian spirit
Enter note:
Enter note:
c - a scroll labelled QUGEUHUTUE
Enter note:
i - a +3 ring mail You now have 100 gold pieces (gained 9).
Sigmund the Dreaded comes into view.
He is wielding a +4 scythe of protection.
Enter note: You shoot an arrow.
The arrow hits Sigmund but does no damage.
You shoot an arrow. The arrow hits Sigmund.
Sigmund is moderately wounded.
Sigmund gestures at you while chanting. The magic dart hits you.
You shoot an arrow. The arrow hits Sigmund.
Sigmund is heavily wounded.
Sigmund hits you from afar with a +4 scythe of protection!
Enter note:
1169 ||| UPGRADING to +3 ring mail.
Sigmund hits you from afar with a +4 scythe of protection.
You stop removing your armour.
1170 ||| UPGRADING to +3 ring mail.
Sigmund hits you from afar with a +4 scythe of protection.
You stop removing your armour.
1171 ||| UPGRADING to +3 ring mail.
You start removing your armour.
You continue taking off your +0 ring mail.
Sigmund closely misses you.
You continue taking off your +0 ring mail.
Sigmund gestures at you while chanting.
You stop removing your armour.
The puff of flame hits you!
You die...

....... ...#..#
.......##.......
#......+........
#......#.........
#......#.........
#.....@#.........
#......#........
.......@........
.......#.##.#### .#
.#####.#....######.#
## #.##........#.#
...
#...........#.##.##
#...........#......
#..............#
#..............# ...
#..............#


You could see Sigmund.

Vanquished Creatures
  Jessica (D:2)
  5 endoplasms
  A giant cockroach (D:2)
  4 goblins
  4 hobgoblins
  5 jackals
  A quokka (D:2)
  3 ball pythons
  A bat (D:1)
  A frilled lizard (D:2)
  11 rats
37 creatures vanquished.

Notes
Turn   | Place    | Note
-------+----------+-------------------------------------------
     0 | D:1      | qw the Deep Elf Hunter began the quest for the Orb.
     0 | D:1      | Reached XP level 1. HP: 12/12 MP: 3/3
     0 | D:1      | 0 ||| qw: Version: 0.3-a-9-g12657ce
     0 | D:1      | 0 ||| qw: Game counter: 2846
     0 | D:1      | 0 ||| qw: Always use a shield: true
     0 | D:1      | 0 ||| qw: God list: Okawaru
     0 | D:1      | 0 ||| qw: Allow faded altars: false
     0 | D:1      | 0 ||| qw: Do Orc after D:15 true
     0 | D:1      | 0 ||| qw: Do second Lair branch before Depths: true
     0 | D:1      | 0 ||| qw: Lair rune preference: random
     0 | D:1      | 0 ||| qw: Plans: Normal
     0 | D:1      | 0 ||| PLANNING D:1-11
    49 | D:1      | Reached XP level 2. HP: 16/16 MP: 4/4
    50 | D:1      | Reached skill level 6 in Ranged Weapons
   415 | D:1      | 415 ||| UPGRADING to +0 helmet.
   420 | D:1      | 420 ||| DROPPING ring of flight.
   421 | D:1      | 421 ||| UPGRADING to +6 ring of dexterity.
   422 | D:1      | 422 ||| UPGRADING to ring of resist corrosion.
   423 | D:1      | 423 ||| DROPPING scroll of butterflies.
   454 | D:2      | Noticed Jessica
   455 | D:2      | HP: 2/16 [Jessica/nerve-wracking pain (14)]
   456 | D:2      | 456 ||| FLEEEEING.
   457 | D:2      | 457 ||| FLEEEEING.
   458 | D:2      | 458 ||| FLEEEEING.
   459 | D:2      | 459 ||| FLEEEEING.
   460 | D:2      | 460 ||| STAIRDANCE
   460 | D:2      | HP: 2/16 [Jessica/nerve-wracking pain (2)]
   525 | D:2      | HP: 4/16 [Jessica/nerve-wracking pain (12)]
   526 | D:2      | 526 ||| STAIRDANCE
   582 | D:2      | 582 ||| STAIRDANCE
   633 | D:2      | Killed Jessica
   634 | D:2      | Reached skill level 7 in Ranged Weapons
   634 | D:2      | Reached XP level 3. HP: 20/20 MP: 5/5
   661 | D:2      | 661 ||| FLEEEEING.
   662 | D:2      | 662 ||| FLEEEEING.
   663 | D:2      | 663 ||| FLEEEEING.
   664 | D:2      | 664 ||| FLEEEEING.
   665 | D:2      | 665 ||| FLEEEEING.
   666 | D:2      | 666 ||| FLEEEEING.
   667 | D:2      | 667 ||| FLEEEEING.
   953 | D:2      | Found a runed translucent door.
   954 | D:2      | Noticed Crazy Yiuf
  1071 | D:2      | 1071 ||| UPGRADING to +0 ring mail.
  1081 | D:2      | 1081 ||| DROPPING +0 leather armour.
  1082 | D:2      | 1082 ||| UPGRADING to +0 cloak.
  1087 | D:2      | 1087 ||| UPGRADING to +5 ring of evasion.
  1089 | D:2      | 1089 ||| DROPPING ring of resist corrosion.
  1090 | D:2      | 1090 ||| READING scroll labelled LORCHO REZUEHOP.
  1165 | D:3      | Noticed Sigmund
  1169 | D:3      | 1169 ||| UPGRADING to +3 ring mail.
  1169 | D:3      | HP: 5/20 [Sigmund/+4 scythe of protection (5)]
  1170 | D:3      | 1170 ||| UPGRADING to +3 ring mail.
  1171 | D:3      | 1171 ||| UPGRADING to +3 ring mail.
  1173 | D:3      | Killed from afar by Sigmund

Levels and vault maps discovered:
D:1:      lightli_arrival_quake, layout_rooms, minmay_rat_gold_closets
D:2:      layout_rooms, uniq_crazy_yiuf_cottage, uniq_jessica
D:3:      layout_basic, uniq_sigmund

Skill      XL: |  1  2 |
---------------+-------+-----
Ranged Weapons | 7 |  7.1
Fighting       | |  1.5
Dodging        | |  2.9
Stealth        | |  1.2

Action                     || total
---------------------------++-------
   Fire: Shortbow          ||   100
    Use: Scroll            ||     1
 Armour: Leather armour    ||     9
  Dodge: Dodged            ||    18

Table legend:
 A = Non-vault XP
 B = Vault XP
 C = Vault XP percentage of total XP
 D = Non-vault monster count
 E = Vault monster count
 F = Vault count percentage of total count
                 A         B        C        D         E       F
            +---------+---------+-------+---------+---------+-------
      Total |      47 |      47 |  50.0 |      26 |      11 |  29.7
            +---------+---------+-------+---------+---------+-------
        D:1 |      22 |      10 |  31.2 |      12 |      10 |  45.5
        D:2 |      23 |      37 |  61.7 |      13 |       1 |   7.1
        D:3 |       2 |       0 |   0.0 |       1 |       0 |   0.0
            +---------+---------+-------+---------+---------+-------
